 Dungeon Crawl Stone Soup version 0.22.1-2-g9c5b331 (webtiles) character file.

138 MalarOregon the Chiller (level 5, -5/38 HPs)
             Began as a Merfolk Ice Elementalist on Nov 21, 2018.
             Slain by an iron imp (6 damage)
             ... summoned by Natasha
             ... on level 2 of the Dungeon.
             The game lasted 00:04:49 (2112 turns).

MalarOregon the Chiller (Merfolk Ice Elementalist)  Turns: 2112, Time: 00:04:50

Health: -5/38      AC:  2    Str:  9    XL:     5   Next: 21%
Magic:  4/9        EV: 13    Int: 15    God:
Gold:   126        SH:  0    Dex: 14    Spells: 3/9 levels left

rFire    . . .     SeeInvis .   h - +0 spear
rCold    . . .     Gourm    .   (no shield)
rNeg     . . .     Faith    .   a - +0 robe
rPois    .         Spirit   .   (no helmet)
rElec    .         Reflect  .   (no cloak)
rCorr    .         Harm     .   (no gloves)
MR       .....                  (no boots)
Stlth    ++........             (no amulet)
HPRegen  0.12/turn              (no ring)
MPRegen  0.11/turn              (no ring)

@: slowed, very slow
A: change form in water, swift swim, stealthy swim
a: no special abilities


You were on level 2 of the Dungeon.
You were hungry.

You visited 1 branch of the dungeon, and saw 2 of its levels.

You collected 126 gold pieces.

Inventory:

Hand Weapons
 h - a +0 spear (weapon)
   (You found it on level 1 of the Dungeon)
Missiles
 c - 2 tomahawks (quivered)
Armour
 a - a +0 robe (worn)
Scrolls
 d - 4 scrolls of identify {@r1}
 g - 2 scrolls of fear {unknown}
 i - 2 scrolls of blinking {unknown}
 k - a scroll of remove curse {unknown}
 m - a scroll of magic mapping {unknown}
Potions
 b - 2 potions of heal wounds {@q2}
 f - 3 potions of cancellation
 j - 3 potions of might
 n - a potion of curing {unknown}
 o - a potion of flight {unknown}
 p - a potion of agility {unknown}
Comestibles
 e - 7 rations {!d}
 l - 8 chunks of flesh


   Skills:
 + Level 1.6 Fighting
 * Level 2.7 Polearms
 + Level 3.5 Dodging
 - Level 2.1 Stealth
 * Level 2.9 Spellcasting
 - Level 0.7 Conjurations
 * Level 4.3 Ice Magic


You had 3 spell levels left.
You knew the following spells:

 Your Spells              Type           Power        Failure   Level  Hunger
a - Freeze                Ice            ###.         3%          1    #......
b - Ozocubu's Armour      Chrm/Ice       #.......     26%         3    ###....
x - Throw Frost           Conj/Ice       #.....       11%         2    ##.....

Your spell library contained the following spells:

 Spells                   Type           Power        Failure   Level  Hunger
 Throw Icicle             Conj/Ice       #.......     56%         4    #####..
 Summon Ice Beast         Ice/Summ       #.......     63%         4    #####..


Dungeon Overview and Level Annotations

Branches:
Dungeon (2/15)

Altars:
Vehumet

Annotations:
D:2 Natasha


Message History

No target in view!
No target in view!
You butcher the ball python corpse.
l - 8 chunks of flesh (gained 2)
Things that are here:
a hand axe; a club Natasha, Servant of Life and Death comes into view.
No target in view!
No target in view!
Natasha hisses angrily.
Natasha is too close now for your liking.
Natasha casts a spell.
Attack whom?
Aim: a shadow imp (summoned)
You reach to attack!
You closely miss the shadow imp.
Attack whom?
Aim: a shadow imp (summoned)
You reach to attack!
You are feeling hungry.
You completely miss Natasha. The shadow imp gestures at you.
Pain shoots through your body!
You closely miss Natasha. Natasha claws you.
* * * LOW HITPOINT WARNING * * *
Aim: Natasha You freeze Natasha.
Natasha casts a spell.
The shadow imp closely misses you.
Aim: Natasha (heavily wounded)
You freeze Natasha. Natasha casts a spell at you. You resist with some effort.
The shadow imp barely misses you.
Aim: Natasha (heavily wounded)
You freeze Natasha. Natasha claws you.
* * * LOW HITPOINT WARNING * * *
The shadow imp hits you.
* * * LOW HITPOINT WARNING * * *
The iron imp hits you!
* * * LOW HITPOINT WARNING * * *
Aim: Natasha (severely wounded)
You freeze Natasha.
Natasha stares at you and mumbles some strange words.
You feel yourself slow down. The shadow imp barely misses you.
The iron imp hits you.
* * * LOW HITPOINT WARNING * * *
Unknown command.
Aim: Natasha (severely wounded)
You freeze Natasha. Natasha barely misses you. The shadow imp misses you.
The iron imp hits you.
You die...

#.#..##....#..........
#.#..##...<...###....#
#.#..#.............#.#
#.#.............#(.#.#
#.##............#..#.#
#.##..................
#.##...#........##.###
#.##5...........##.###
#....@....#.#...#.....
#####h5##.............
#...........#.####
#.###............. #.#
#######.###### #.# #.#
#.. ..# ### ####


You could see an iron imp, Natasha and a shadow imp.

Vanquished Creatures
  Natasha (twice) (D:2)
  3 adders (D:2)
  2 oozes (D:2)
  A worm (D:2)
  A dart slug (D:1)
  2 leopard geckos
  3 orcs (D:2)
  A ball python (D:2)
  5 giant cockroaches
  5 goblins
  5 hobgoblins (D:1)
  2 jackals (D:2)
  3 bats
  4 frilled lizards (D:2)
  A kobold (D:2)
  A leopard gecko skeleton (D:2)
  6 rats
47 creatures vanquished.

Vanquished Creatures (others)
  An adder (D:2)
1 creature vanquished.

Grand Total: 48 creatures vanquished

Notes
Turn   | Place    | Note
-------+----------+-------------------------------------------
     0 | D:1      | MalarOregon the Merfolk Ice Elementalist began the quest
                  | for the Orb.
     0 | D:1      | Reached XP level 1. HP: 13/13 MP: 3/3
   434 | D:1      | Reached XP level 2. HP: 20/20 MP: 0/5
   847 | D:1      | Reached skill level 1 in Fighting
  1138 | D:2      | Found a radiant altar of Vehumet.
  1141 | D:2      | Noticed Natasha
  1156 | D:2      | Reached XP level 3. HP: 22/26 MP: 2/6
  1171 | D:2      | Killed Natasha
  1171 | D:2      | Reached skill level 1 in Polearms
  1416 | D:2      | Reached XP level 4. HP: 32/32 MP: 7/7
  1492 | D:2      | Reached skill level 4 in Ice Magic
  1520 | D:2      | Learned a level 2 spell: Throw Frost
  1524 | D:2      | Learned a level 3 spell: Ozocubu's Armour
  1609 | D:2      | Noticed Natasha
  1617 | D:2      | Killed Natasha
  1654 | D:2      | Reached XP level 5. HP: 27/38 MP: 2/9
  2097 | D:2      | Noticed Natasha
  2111 | D:2      | HP: 1/38 [iron imp[Natasha] (5)]
  2112 | D:2      | Slain by an iron imp

Skill      XL: |  1  2  3  4 |
---------------+-------------+-----
Dodging        | 3 |  3.5
Fighting       | 1 |  1.6
Polearms       | 1 2 |  2.7
Ice Magic      | 4 |  4.3
Stealth        | |  2.1
Spellcasting   | |  2.9
Conjurations   | |  0.7

Action                   |  1- 3 |  4- 6 || total
-------------------------+-------+-------++-------
Melee: Unarmed           |    15 |       ||    15
       Dagger            |    11 |       ||    11
       Spear             |    16 |    70 ||    86
 Cast: Freeze            |    25 |    25 ||    50
  Use: Scroll            |     3 |       ||     3
 Stab: Sleeping          |     4 |     4 ||     8
  Eat: Chunk             |     2 |     2 ||     4
Armor: Robe              |    14 |     8 ||    22
Dodge: Dodged            |    32 |    49 ||    81
